Workbook

Sheet Tableau de bord
A1: Tableau de bord — Suivi factures et paiements
A2: Situation des comptes clients au | B2: =TODAY()
A4: Total facturé | B4: Total encaissé | C4: Total à recevoir | D4: Montant en retard | E4: Factures ouvertes | F4: À échéance dans les prochains jours
A5: =IFERROR(SUM('Factures'!$J$5:$J$504),0) | B5: =IFERROR(SUM('Paiements'!$G$5:$G$504),0) | C5: =IFERROR(SUM('Factures'!$M$5:$M$504),0) | D5: =IFERROR(SUMIFS('Factures'!$M$5:$M$504,'Factures'!$N$5:$N$504,"En retard"),0) | E5: =IFERROR(COUNTIF('Factures'!$M$5:$M$504,">0"),0) | F5: =IFERROR(COUNTIFS('Factures'!$N$5:$N$504,"À venir",'Factures'!$O$5:$O$504,">=0",'Factures'!$O$5:$O$504,"<="&'Paramètres'!$B$16),0)
A9: Statut | B9: Nombre de factures | C9: Solde à recevoir | E9: No facture | F9: Client | G9: Échéance | H9: Solde à recevoir | I9: Statut
A10: Payée | B10: =IFERROR(COUNTIF('Factures'!$N$5:$N$504,'Tableau de bord'!$A10),0) | C10: =IFERROR(SUMIF('Factures'!$N$5:$N$504,'Tableau de bord'!$A10,'Factures'!$M$5:$M$504),0) | E10: =IFERROR('Factures'!$A$7,"") | F10: =IFERROR('Factures'!$C$7,"") | G10: =IFERROR('Factures'!$K$7,"") | H10: =IFERROR('Factures'!$M$7,0) | I10: =IFERROR('Factures'!$N$7,"")
A11: Partiellement payée | B11: =IFERROR(COUNTIF('Factures'!$N$5:$N$504,'Tableau de bord'!$A11),0) | C11: =IFERROR(SUMIF('Factures'!$N$5:$N$504,'Tableau de bord'!$A11,'Factures'!$M$5:$M$504),0) | E11: =IFERROR('Factures'!$A$11,"") | F11: =IFERROR('Factures'!$C$11,"") | G11: =IFERROR('Factures'!$K$11,"") | H11: =IFERROR('Factures'!$M$11,0) | I11: =IFERROR('Factures'!$N$11,"")
A12: À venir | B12: =IFERROR(COUNTIF('Factures'!$N$5:$N$504,'Tableau de bord'!$A12),0) | C12: =IFERROR(SUMIF('Factures'!$N$5:$N$504,'Tableau de bord'!$A12,'Factures'!$M$5:$M$504),0) | E12: =IFERROR('Factures'!$A$13,"") | F12: =IFERROR('Factures'!$C$13,"") | G12: =IFERROR('Factures'!$K$13,"") | H12: =IFERROR('Factures'!$M$13,0) | I12: =IFERROR('Factures'!$N$13,"")
A13: Échue | B13: =IFERROR(COUNTIF('Factures'!$N$5:$N$504,'Tableau de bord'!$A13),0) | C13: =IFERROR(SUMIF('Factures'!$N$5:$N$504,'Tableau de bord'!$A13,'Factures'!$M$5:$M$504),0) | E13: =IFERROR('Factures'!$A$14,"") | F13: =IFERROR('Factures'!$C$14,"") | G13: =IFERROR('Factures'!$K$14,"") | H13: =IFERROR('Factures'!$M$14,0) | I13: =IFERROR('Factures'!$N$14,"")
A14: En retard | B14: =IFERROR(COUNTIF('Factures'!$N$5:$N$504,'Tableau de bord'!$A14),0) | C14: =IFERROR(SUMIF('Factures'!$N$5:$N$504,'Tableau de bord'!$A14,'Factures'!$M$5:$M$504),0) | E14: =IFERROR('Factures'!$A$9,"") | F14: =IFERROR('Factures'!$C$9,"") | G14: =IFERROR('Factures'!$K$9,"") | H14: =IFERROR('Factures'!$M$9,0) | I14: =IFERROR('Factures'!$N$9,"")
C15: ="" | E15: ="" | F15: ="" | G15: ="" | H15: ="" | I15: =""
C16: ="" | E16: ="" | F16: ="" | G16: ="" | H16: ="" | I16: =""
C17: ="" | E17: ="" | F17: ="" | G17: ="" | H17: ="" | I17: =""
A18: Contrôles de validation | C18: ="" | E18: ="" | F18: ="" | G18: ="" | H18: ="" | I18: =""
C19: ="" | E19: ="" | F19: ="" | G19: ="" | H19: ="" | I19: =""
A20: Écart entre total facturé et paiements plus solde | B20: =IFERROR(SUM('Factures'!$J$5:$J$504)-SUM('Paiements'!$G$5:$G$504)-SUM('Factures'!$M$5:$M$504),0) | C20: ="" | E20: ="" | F20: ="" | G20: ="" | H20: ="" | I20: =""
A21: Paiements associés à une facture introuvable | B21: =IFERROR(COUNTIF('Paiements'!$I$5:$I$504,"Facture introuvable"),0) | C21: ="" | E21: ="" | F21: ="" | G21: ="" | H21: ="" | I21: =""
A22: Numéros de facture en double | B22: =IFERROR(SUMPRODUCT(--('Factures'!$A$5:$A$504<>""),--(COUNTIF('Factures'!$A$5:$A$504,'Factures'!$A$5:$A$504)>1)),0) | C22: ="" | E22: ="" | F22: ="" | G22: ="" | H22: ="" | I22: =""
A23: Contrôle global | B23: =IFERROR(IF(AND(ABS('Tableau de bord'!$B$20)<0.01,'Tableau de bord'!$B$21=0,'Tableau de bord'!$B$22=0),"Contrôles réussis","Vérification requise"),"Vérification requise") | C23: ="" | E23: ="" | F23: ="" | G23: ="" | H23: ="" | I23: =""
B24: ="" | C24: ="" | E24: ="" | F24: ="" | G24: ="" | H24: ="" | I24: =""
B25: ="" | C25: ="" | E25: ="" | F25: ="" | G25: ="" | H25: ="" | I25: =""
B26: ="" | C26: ="" | E26: ="" | F26: ="" | G26: ="" | H26: ="" | I26: =""
B27: ="" | C27: ="" | E27: ="" | F27: ="" | G27: ="" | H27: ="" | I27: =""
B28: ="" | C28: ="" | E28: ="" | F28: ="" | G28: ="" | H28: ="" | I28: =""
B29: ="" | C29: ="" | E29: ="" | F29: ="" | G29: ="" | H29: ="" | I29: =""
B30: ="" | C30: ="" | E30: ="" | F30: ="" | G30: ="" | H30: ="" | I30: =""
B31: ="" | C31: ="" | E31: ="" | F31: ="" | G31: ="" | H31: ="" | I31: =""
B32: ="" | C32: ="" | E32: ="" | F32: ="" | G32: ="" | H32: ="" | I32: =""
B33: ="" | C33: ="" | E33: ="" | F33: ="" | G33: ="" | H33: ="" | I33: =""
B34: ="" | C34: ="" | E34: ="" | F34: ="" | G34: ="" | H34: ="" | I34: =""
B35: ="" | C35: ="" | E35: ="" | F35: ="" | G35: ="" | H35: ="" | I35: =""
... B101: ="" | C101: ="" | E101: ="" | F101: ="" | G101: ="" | H101: ="" | I101: =""

Sheet Factures
A1: Registre des factures clients
A2: Saisir une ligne par facture. Les colonnes grisées sont calculées automatiquement.
A4: No facture | B4: Date facture | C4: Client | D4: Province | E4: Catégorie | F4: Description | G4: Montant avant taxes | H4: TPS | I4: TVQ | J4: Total facture | K4: Échéance | L4: Montant payé | M4: Solde à recevoir | N4: Statut | O4: Jours avant/depuis échéance | P4: Notes
A5: FAC-2026-001 | B5: 46185 | C5: Atelier Mécanique Bouchard inc. | D5: Québec | E5: Entretien | F5: Entretien préventif de postes de travail | G5: 1000 | H5: Paiement complet reçu | I5: =IF(A5="","",IFERROR(G5*'Paramètres'!$B$14,0)) | J5: =IF(A5="","",IFERROR(G5+H5+I5,0)) | K5: =IF(B5="","",IFERROR(B5+'Paramètres'!$B$15,"")) | L5: =IF(A5="","",IFERROR(SUMIFS('Paiements'!$G$5:$G$504,'Paiements'!$C$5:$C$504,A5),0)) | M5: =IF(A5="","",IFERROR(MAX(0,J5-L5),0)) | N5: =IF(A5="","",IFERROR(IF(M5<=0,"Payée",IF(L5>0,"Partiellement payée",IF(K5<TODAY(),"En retard",IF(K5=TODAY(),"Échue","À venir")))),"")) | O5: =IF(K5="","",IFERROR(K5-TODAY(),""))
A6: FAC-2026-002 | B6: 46235 | C6: Café du Vieux-Port inc. | D6: Québec | E6: Services professionnels | F6: Mise à jour du site Web | G6: 1000 | H6: Dépôt reçu avant facturation | I6: =IF(A6="","",IFERROR(G6*'Paramètres'!$B$14,0)) | J6: =IF(A6="","",IFERROR(G6+H6+I6,0)) | K6: =IF(B6="","",IFERROR(B6+'Paramètres'!$B$15,"")) | L6: =IF(A6="","",IFERROR(SUMIFS('Paiements'!$G$5:$G$504,'Paiements'!$C$5:$C$504,A6),0)) | M6: =IF(A6="","",IFERROR(MAX(0,J6-L6),0)) | N6: =IF(A6="","",IFERROR(IF(M6<=0,"Payée",IF(L6>0,"Partiellement payée",IF(K6<TODAY(),"En retard",IF(K6=TODAY(),"Échue","À venir")))),"")) | O6: =IF(K6="","",IFERROR(K6-TODAY(),""))
A7: FAC-2026-003 | B7: 46202 | C7: Construction Tremblay et Fils inc. | D7: Québec | E7: Consultation | F7: Analyse des processus administratifs | G7: 2400 | H7: Suivi requis | I7: =IF(A7="","",IFERROR(G7*'Paramètres'!$B$14,0)) | J7: =IF(A7="","",IFERROR(G7+H7+I7,0)) | K7: =IF(B7="","",IFERROR(B7+'Paramètres'!$B$15,"")) | L7: =IF(A7="","",IFERROR(SUMIFS('Paiements'!$G$5:$G$504,'Paiements'!$C$5:$C$504,A7),0)) | M7: =IF(A7="","",IFERROR(MAX(0,J7-L7),0)) | N7: =IF(A7="","",IFERROR(IF(M7<=0,"Payée",IF(L7>0,"Partiellement payée",IF(K7<TODAY(),"En retard",IF(K7=TODAY(),"Échue","À venir")))),"")) | O7: =IF(K7="","",IFERROR(K7-TODAY(),""))
A8: FAC-2026-004 | B8: 46200 | C8: Boutique Boréale | D8: Québec | E8: Vente de produits | F8: Fourniture de matériel promotionnel | G8: 600 | H8: Livraison incluse | I8: =IF(A8="","",IFERROR(G8*'Paramètres'!$B$14,0)) | J8: =IF(A8="","",IFERROR(G8+H8+I8,0)) | K8: =IF(B8="","",IFERROR(B8+'Paramètres'!$B$15,"")) | L8: =IF(A8="","",IFERROR(SUMIFS('Paiements'!$G$5:$G$504,'Paiements'!$C$5:$C$504,A8),0)) | M8: =IF(A8="","",IFERROR(MAX(0,J8-L8),0)) | N8: =IF(A8="","",IFERROR(IF(M8<=0,"Payée",IF(L8>0,"Partiellement payée",IF(K8<TODAY(),"En retard",IF(K8=TODAY(),"Échue","À venir")))),"")) | O8: =IF(K8="","",IFERROR(K8-TODAY(),""))
A9: FAC-2026-005 | B9: 46239 | C9: Clinique Physio Laval | D9: Québec | E9: Formation | F9: Formation Excel pour l’équipe administrative | G9: 1800 | H9: Deux séances | I9: =IF(A9="","",IFERROR(G9*'Paramètres'!$B$14,0)) | J9: =IF(A9="","",IFERROR(G9+H9+I9,0)) | K9: =IF(B9="","",IFERROR(B9+'Paramètres'!$B$15,"")) | L9: =IF(A9="","",IFERROR(SUMIFS('Paiements'!$G$5:$G$504,'Paiements'!$C$5:$C$504,A9),0)) | M9: =IF(A9="","",IFERROR(MAX(0,J9-L9),0)) | N9: =IF(A9="","",IFERROR(IF(M9<=0,"Payée",IF(L9>0,"Partiellement payée",IF(K9<TODAY(),"En retard",IF(K9=TODAY(),"Échue","À venir")))),"")) | O9: =IF(K9="","",IFERROR(K9-TODAY(),""))
A10: FAC-2026-006 | B10: 46220 | C10: Gestion Immobilière Rive-Sud inc. | D10: Québec | E10: Services professionnels | F10: Préparation de rapports mensuels | G10: 1000 | H10: Contrat mensuel | I10: =IF(A10="","",IFERROR(G10*'Paramètres'!$B$14,0)) | J10: =IF(A10="","",IFERROR(G10+H10+I10,0)) | K10: =IF(B10="","",IFERROR(B10+'Paramètres'!$B$15,"")) | L10: =IF(A10="","",IFERROR(SUMIFS('Paiements'!$G$5:$G$504,'Paiements'!$C$5:$C$504,A10),0)) | M10: =IF(A10="","",IFERROR(MAX(0,J10-L10),0)) | N10: =IF(A10="","",IFERROR(IF(M10<=0,"Payée",IF(L10>0,"Partiellement payée",IF(K10<TODAY(),"En retard",IF(K10=TODAY(),"Échue","À venir")))),"")) | O10: =IF(K10="","",IFERROR(K10-TODAY(),""))
A11: FAC-2026-007 | B11: 46240 | C11: Ébénisterie Saint-Laurent | D11: Québec | E11: Consultation | F11: Accompagnement en gestion des coûts | G11: 1400 | H11: Paiement partiel prévu | I11: =IF(A11="","",IFERROR(G11*'Paramètres'!$B$14,0)) | J11: =IF(A11="","",IFERROR(G11+H11+I11,0)) | K11: =IF(B11="","",IFERROR(B11+'Paramètres'!$B$15,"")) | L11: =IF(A11="","",IFERROR(SUMIFS('Paiements'!$G$5:$G$504,'Paiements'!$C$5:$C$504,A11),0)) | M11: =IF(A11="","",IFERROR(MAX(0,J11-L11),0)) | N11: =IF(A11="","",IFERROR(IF(M11<=0,"Payée",IF(L11>0,"Partiellement payée",IF(K11<TODAY(),"En retard",IF(K11=TODAY(),"Échue","À venir")))),"")) | O11: =IF(K11="","",IFERROR(K11-TODAY(),""))
A12: FAC-2026-008 | B12: 46242 | C12: Marché Santé Verdun | D12: Québec | E12: Entretien | F12: Maintenance informatique trimestrielle | G12: 600 | H12: Paiement reçu | I12: =IF(A12="","",IFERROR(G12*'Paramètres'!$B$14,0)) | J12: =IF(A12="","",IFERROR(G12+H12+I12,0)) | K12: =IF(B12="","",IFERROR(B12+'Paramètres'!$B$15,"")) | L12: =IF(A12="","",IFERROR(SUMIFS('Paiements'!$G$5:$G$504,'Paiements'!$C$5:$C$504,A12),0)) | M12: =IF(A12="","",IFERROR(MAX(0,J12-L12),0)) | N12: =IF(A12="","",IFERROR(IF(M12<=0,"Payée",IF(L12>0,"Partiellement payée",IF(K12<TODAY(),"En retard",IF(K12=TODAY(),"Échue","À venir")))),"")) | O12: =IF(K12="","",IFERROR(K12-TODAY(),""))
A13: FAC-2026-009 | B13: 46235 | C13: Studio Créatif Mile End | D13: Québec | E13: Services professionnels | F13: Conception de tableau de bord Excel | G13: 2000 | H13: À suivre avant échéance | I13: =IF(A13="","",IFERROR(G13*'Paramètres'!$B$14,0)) | J13: =IF(A13="","",IFERROR(G13+H13+I13,0)) | K13: =IF(B13="","",IFERROR(B13+'Paramètres'!$B$15,"")) | L13: =IF(A13="","",IFERROR(SUMIFS('Paiements'!$G$5:$G$504,'Paiements'!$C$5:$C$504,A13),0)) | M13: =IF(A13="","",IFERROR(MAX(0,J13-L13),0)) | N13: =IF(A13="","",IFERROR(IF(M13<=0,"Payée",IF(L13>0,"Partiellement payée",IF(K13<TODAY(),"En retard",IF(K13=TODAY(),"Échue","À venir")))),"")) | O13: =IF(K13="","",IFERROR(K13-TODAY(),""))
A14: FAC-2026-010 | B14: 46215 | C14: Transport Gagnon ltée | D14: Québec | E14: Formation | F14: Formation sur la gestion des factures | G14: 1200 | H14: Relance nécessaire | I14: =IF(A14="","",IFERROR(G14*'Paramètres'!$B$14,0)) | J14: =IF(A14="","",IFERROR(G14+H14+I14,0)) | K14: =IF(B14="","",IFERROR(B14+'Paramètres'!$B$15,"")) | L14: =IF(A14="","",IFERROR(SUMIFS('Paiements'!$G$5:$G$504,'Paiements'!$C$5:$C$504,A14),0)) | M14: =IF(A14="","",IFERROR(MAX(0,J14-L14),0)) | N14: =IF(A14="","",IFERROR(IF(M14<=0,"Payée",IF(L14>0,"Partiellement payée",IF(K14<TODAY(),"En retard",IF(K14=TODAY(),"Échue","À venir")))),"")) | O14: =IF(K14="","",IFERROR(K14-TODAY(),""))
H15: =IF(A15="","",IFERROR(G15*'Paramètres'!$B$13,0)) | I15: =IF(A15="","",IFERROR(G15*'Paramètres'!$B$14,0)) | J15: =IF(A15="","",IFERROR(G15+H15+I15,0)) | K15: =IF(B15="","",IFERROR(B15+'Paramètres'!$B$15,"")) | L15: =IF(A15="","",IFERROR(SUMIFS('Paiements'!$G$5:$G$504,'Paiements'!$C$5:$C$504,A15),0)) | M15: =IF(A15="","",IFERROR(MAX(0,J15-L15),0)) | N15: =IF(A15="","",IFERROR(IF(M15<=0,"Payée",IF(L15>0,"Partiellement payée",IF(K15<TODAY(),"En retard",IF(K15=TODAY(),"Échue","À venir")))),"")) | O15: =IF(K15="","",IFERROR(K15-TODAY(),""))
H16: =IF(A16="","",IFERROR(G16*'Paramètres'!$B$13,0)) | I16: =IF(A16="","",IFERROR(G16*'Paramètres'!$B$14,0)) | J16: =IF(A16="","",IFERROR(G16+H16+I16,0)) | K16: =IF(B16="","",IFERROR(B16+'Paramètres'!$B$15,"")) | L16: =IF(A16="","",IFERROR(SUMIFS('Paiements'!$G$5:$G$504,'Paiements'!$C$5:$C$504,A16),0)) | M16: =IF(A16="","",IFERROR(MAX(0,J16-L16),0)) | N16: =IF(A16="","",IFERROR(IF(M16<=0,"Payée",IF(L16>0,"Partiellement payée",IF(K16<TODAY(),"En retard",IF(K16=TODAY(),"Échue","À venir")))),"")) | O16: =IF(K16="","",IFERROR(K16-TODAY(),""))
H17: =IF(A17="","",IFERROR(G17*'Paramètres'!$B$13,0)) | I17: =IF(A17="","",IFERROR(G17*'Paramètres'!$B$14,0)) | J17: =IF(A17="","",IFERROR(G17+H17+I17,0)) | K17: =IF(B17="","",IFERROR(B17+'Paramètres'!$B$15,"")) | L17: =IF(A17="","",IFERROR(SUMIFS('Paiements'!$G$5:$G$504,'Paiements'!$C$5:$C$504,A17),0)) | M17: =IF(A17="","",IFERROR(MAX(0,J17-L17),0)) | N17: =IF(A17="","",IFERROR(IF(M17<=0,"Payée",IF(L17>0,"Partiellement payée",IF(K17<TODAY(),"En retard",IF(K17=TODAY(),"Échue","À venir")))),"")) | O17: =IF(K17="","",IFERROR(K17-TODAY(),""))
H18: =IF(A18="","",IFERROR(G18*'Paramètres'!$B$13,0)) | I18: =IF(A18="","",IFERROR(G18*'Paramètres'!$B$14,0)) | J18: =IF(A18="","",IFERROR(G18+H18+I18,0)) | K18: =IF(B18="","",IFERROR(B18+'Paramètres'!$B$15,"")) | L18: =IF(A18="","",IFERROR(SUMIFS('Paiements'!$G$5:$G$504,'Paiements'!$C$5:$C$504,A18),0)) | M18: =IF(A18="","",IFERROR(MAX(0,J18-L18),0)) | N18: =IF(A18="","",IFERROR(IF(M18<=0,"Payée",IF(L18>0,"Partiellement payée",IF(K18<TODAY(),"En retard",IF(K18=TODAY(),"Échue","À venir")))),"")) | O18: =IF(K18="","",IFERROR(K18-TODAY(),""))
H19: =IF(A19="","",IFERROR(G19*'Paramètres'!$B$13,0)) | I19: =IF(A19="","",IFERROR(G19*'Paramètres'!$B$14,0)) | J19: =IF(A19="","",IFERROR(G19+H19+I19,0)) | K19: =IF(B19="","",IFERROR(B19+'Paramètres'!$B$15,"")) | L19: =IF(A19="","",IFERROR(SUMIFS('Paiements'!$G$5:$G$504,'Paiements'!$C$5:$C$504,A19),0)) | M19: =IF(A19="","",IFERROR(MAX(0,J19-L19),0)) | N19: =IF(A19="","",IFERROR(IF(M19<=0,"Payée",IF(L19>0,"Partiellement payée",IF(K19<TODAY(),"En retard",IF(K19=TODAY(),"Échue","À venir")))),"")) | O19: =IF(K19="","",IFERROR(K19-TODAY(),""))
H20: =IF(A20="","",IFERROR(G20*'Paramètres'!$B$13,0)) | I20: =IF(A20="","",IFERROR(G20*'Paramètres'!$B$14,0)) | J20: =IF(A20="","",IFERROR(G20+H20+I20,0)) | K20: =IF(B20="","",IFERROR(B20+'Paramètres'!$B$15,"")) | L20: =IF(A20="","",IFERROR(SUMIFS('Paiements'!$G$5:$G$504,'Paiements'!$C$5:$C$504,A20),0)) | M20: =IF(A20="","",IFERROR(MAX(0,J20-L20),0)) | N20: =IF(A20="","",IFERROR(IF(M20<=0,"Payée",IF(L20>0,"Partiellement payée",IF(K20<TODAY(),"En retard",IF(K20=TODAY(),"Échue","À venir")))),"")) | O20: =IF(K20="","",IFERROR(K20-TODAY(),""))
H21: =IF(A21="","",IFERROR(G21*'Paramètres'!$B$13,0)) | I21: =IF(A21="","",IFERROR(G21*'Paramètres'!$B$14,0)) | J21: =IF(A21="","",IFERROR(G21+H21+I21,0)) | K21: =IF(B21="","",IFERROR(B21+'Paramètres'!$B$15,"")) | L21: =IF(A21="","",IFERROR(SUMIFS('Paiements'!$G$5:$G$504,'Paiements'!$C$5:$C$504,A21),0)) | M21: =IF(A21="","",IFERROR(MAX(0,J21-L21),0)) | N21: =IF(A21="","",IFERROR(IF(M21<=0,"Payée",IF(L21>0,"Partiellement payée",IF(K21<TODAY(),"En retard",IF(K21=TODAY(),"Échue","À venir")))),"")) | O21: =IF(K21="","",IFERROR(K21-TODAY(),""))
H22: =IF(A22="","",IFERROR(G22*'Paramètres'!$B$13,0)) | I22: =IF(A22="","",IFERROR(G22*'Paramètres'!$B$14,0)) | J22: =IF(A22="","",IFERROR(G22+H22+I22,0)) | K22: =IF(B22="","",IFERROR(B22+'Paramètres'!$B$15,"")) | L22: =IF(A22="","",IFERROR(SUMIFS('Paiements'!$G$5:$G$504,'Paiements'!$C$5:$C$504,A22),0)) | M22: =IF(A22="","",IFERROR(MAX(0,J22-L22),0)) | N22: =IF(A22="","",IFERROR(IF(M22<=0,"Payée",IF(L22>0,"Partiellement payée",IF(K22<TODAY(),"En retard",IF(K22=TODAY(),"Échue","À venir")))),"")) | O22: =IF(K22="","",IFERROR(K22-TODAY(),""))
H23: =IF(A23="","",IFERROR(G23*'Paramètres'!$B$13,0)) | I23: =IF(A23="","",IFERROR(G23*'Paramètres'!$B$14,0)) | J23: =IF(A23="","",IFERROR(G23+H23+I23,0)) | K23: =IF(B23="","",IFERROR(B23+'Paramètres'!$B$15,"")) | L23: =IF(A23="","",IFERROR(SUMIFS('Paiements'!$G$5:$G$504,'Paiements'!$C$5:$C$504,A23),0)) | M23: =IF(A23="","",IFERROR(MAX(0,J23-L23),0)) | N23: =IF(A23="","",IFERROR(IF(M23<=0,"Payée",IF(L23>0,"Partiellement payée",IF(K23<TODAY(),"En retard",IF(K23=TODAY(),"Échue","À venir")))),"")) | O23: =IF(K23="","",IFERROR(K23-TODAY(),""))
H24: =IF(A24="","",IFERROR(G24*'Paramètres'!$B$13,0)) | I24: =IF(A24="","",IFERROR(G24*'Paramètres'!$B$14,0)) | J24: =IF(A24="","",IFERROR(G24+H24+I24,0)) | K24: =IF(B24="","",IFERROR(B24+'Paramètres'!$B$15,"")) | L24: =IF(A24="","",IFERROR(SUMIFS('Paiements'!$G$5:$G$504,'Paiements'!$C$5:$C$504,A24),0)) | M24: =IF(A24="","",IFERROR(MAX(0,J24-L24),0)) | N24: =IF(A24="","",IFERROR(IF(M24<=0,"Payée",IF(L24>0,"Partiellement payée",IF(K24<TODAY(),"En retard",IF(K24=TODAY(),"Échue","À venir")))),"")) | O24: =IF(K24="","",IFERROR(K24-TODAY(),""))
H25: =IF(A25="","",IFERROR(G25*'Paramètres'!$B$13,0)) | I25: =IF(A25="","",IFERROR(G25*'Paramètres'!$B$14,0)) | J25: =IF(A25="","",IFERROR(G25+H25+I25,0)) | K25: =IF(B25="","",IFERROR(B25+'Paramètres'!$B$15,"")) | L25: =IF(A25="","",IFERROR(SUMIFS('Paiements'!$G$5:$G$504,'Paiements'!$C$5:$C$504,A25),0)) | M25: =IF(A25="","",IFERROR(MAX(0,J25-L25),0)) | N25: =IF(A25="","",IFERROR(IF(M25<=0,"Payée",IF(L25>0,"Partiellement payée",IF(K25<TODAY(),"En retard",IF(K25=TODAY(),"Échue","À venir")))),"")) | O25: =IF(K25="","",IFERROR(K25-TODAY(),""))
H26: =IF(A26="","",IFERROR(G26*'Paramètres'!$B$13,0)) | I26: =IF(A26="","",IFERROR(G26*'Paramètres'!$B$14,0)) | J26: =IF(A26="","",IFERROR(G26+H26+I26,0)) | K26: =IF(B26="","",IFERROR(B26+'Paramètres'!$B$15,"")) | L26: =IF(A26="","",IFERROR(SUMIFS('Paiements'!$G$5:$G$504,'Paiements'!$C$5:$C$504,A26),0)) | M26: =IF(A26="","",IFERROR(MAX(0,J26-L26),0)) | N26: =IF(A26="","",IFERROR(IF(M26<=0,"Payée",IF(L26>0,"Partiellement payée",IF(K26<TODAY(),"En retard",IF(K26=TODAY(),"Échue","À venir")))),"")) | O26: =IF(K26="","",IFERROR(K26-TODAY(),""))
... H504: =IF(A504="","",IFERROR(G504*'Paramètres'!$B$13,0)) | I504: =IF(A504="","",IFERROR(G504*'Paramètres'!$B$14,0)) | J504: =IF(A504="","",IFERROR(G504+H504+I504,0)) | K504: =IF(B504="","",IFERROR(B504+'Paramètres'!$B$15,"")) | L504: =IF(A504="","",IFERROR(SUMIFS('Paiements'!$G$5:$G$504,'Paiements'!$C$5:$C$504,A504),0)) | M504: =IF(A504="","",IFERROR(MAX(0,J504-L504),0)) | N504: =IF(A504="","",IFERROR(IF(M504<=0,"Payée",IF(L504>0,"Partiellement payée",IF(K504<TODAY(),"En retard",IF(K504=TODAY(),"Échue","À venir")))),"")) | O504: =IF(K504="","",IFERROR(K504-TODAY(),""))

Sheet Paiements
A1: Registre des paiements reçus
A2: Saisir un paiement par ligne. Utiliser exactement le même numéro de facture que dans le registre des factures.
A4: Date paiement | B4: No paiement | C4: No facture | D4: Client | E4: Mode de paiement | F4: Référence paiement | G4: Montant reçu | H4: Notes | I4: Contrôle facture
A5: 46197 | B5: PAIE-2026-001 | C5: FAC-2026-001 | D5: =IF(C5="","",IFERROR(VLOOKUP(C5,'Factures'!$A$5:$C$504,3,FALSE),"")) | E5: Virement bancaire | F5: VRT-45821 | G5: 1149.75 | H5: Paiement complet | I5: =IF(C5="","",IFERROR(IF(COUNTIF('Factures'!$A$5:$A$504,C5)=0,"Facture introuvable","OK"),"Facture introuvable"))
A6: 46240 | B6: PAIE-2026-002 | C6: FAC-2026-002 | D6: =IF(C6="","",IFERROR(VLOOKUP(C6,'Factures'!$A$5:$C$504,3,FALSE),"")) | E6: Carte de crédit | F6: MC-7742 | G6: 500 | H6: Dépôt initial | I6: =IF(C6="","",IFERROR(IF(COUNTIF('Factures'!$A$5:$A$504,C6)=0,"Facture introuvable","OK"),"Facture introuvable"))
A7: 46252 | B7: PAIE-2026-003 | C7: FAC-2026-002 | D7: =IF(C7="","",IFERROR(VLOOKUP(C7,'Factures'!$A$5:$C$504,3,FALSE),"")) | E7: Virement bancaire | F7: VRT-46110 | G7: 649.75 | H7: Solde de facture | I7: =IF(C7="","",IFERROR(IF(COUNTIF('Factures'!$A$5:$A$504,C7)=0,"Facture introuvable","OK"),"Facture introuvable"))
A8: 46220 | B8: PAIE-2026-004 | C8: FAC-2026-003 | D8: =IF(C8="","",IFERROR(VLOOKUP(C8,'Factures'!$A$5:$C$504,3,FALSE),"")) | E8: Chèque | F8: CHQ-1087 | G8: 1000 | H8: Premier versement | I8: =IF(C8="","",IFERROR(IF(COUNTIF('Factures'!$A$5:$A$504,C8)=0,"Facture introuvable","OK"),"Facture introuvable"))
A9: 46215 | B9: PAIE-2026-005 | C9: FAC-2026-004 | D9: =IF(C9="","",IFERROR(VLOOKUP(C9,'Factures'!$A$5:$C$504,3,FALSE),"")) | E9: Dépôt direct | F9: DEP-22195 | G9: 689.85 | H9: Paiement complet | I9: =IF(C9="","",IFERROR(IF(COUNTIF('Factures'!$A$5:$A$504,C9)=0,"Facture introuvable","OK"),"Facture introuvable"))
A10: 46252 | B10: PAIE-2026-006 | C10: FAC-2026-005 | D10: =IF(C10="","",IFERROR(VLOOKUP(C10,'Factures'!$A$5:$C$504,3,FALSE),"")) | E10: Virement bancaire | F10: VRT-46732 | G10: 2069.55 | H10: Paiement complet | I10: =IF(C10="","",IFERROR(IF(COUNTIF('Factures'!$A$5:$A$504,C10)=0,"Facture introuvable","OK"),"Facture introuvable"))
A11: 46255 | B11: PAIE-2026-007 | C11: FAC-2026-006 | D11: =IF(C11="","",IFERROR(VLOOKUP(C11,'Factures'!$A$5:$C$504,3,FALSE),"")) | E11: Dépôt direct | F11: DEP-23018 | G11: 1149.75 | H11: Paiement complet | I11: =IF(C11="","",IFERROR(IF(COUNTIF('Factures'!$A$5:$A$504,C11)=0,"Facture introuvable","OK"),"Facture introuvable"))
A12: 46257 | B12: PAIE-2026-008 | C12: FAC-2026-007 | D12: =IF(C12="","",IFERROR(VLOOKUP(C12,'Factures'!$A$5:$C$504,3,FALSE),"")) | E12: Chèque | F12: CHQ-1124 | G12: 800 | H12: Paiement partiel | I12: =IF(C12="","",IFERROR(IF(COUNTIF('Factures'!$A$5:$A$504,C12)=0,"Facture introuvable","OK"),"Facture introuvable"))
A13: 46258 | B13: PAIE-2026-009 | C13: FAC-2026-008 | D13: =IF(C13="","",IFERROR(VLOOKUP(C13,'Factures'!$A$5:$C$504,3,FALSE),"")) | E13: Carte de crédit | F13: VI-3381 | G13: 689.85 | H13: Paiement complet | I13: =IF(C13="","",IFERROR(IF(COUNTIF('Factures'!$A$5:$A$504,C13)=0,"Facture introuvable","OK"),"Facture introuvable"))
A14: 46259 | B14: PAIE-2026-010 | C14: FAC-2026-007 | D14: =IF(C14="","",IFERROR(VLOOKUP(C14,'Factures'!$A$5:$C$504,3,FALSE),"")) | E14: Virement bancaire | F14: VRT-47901 | G14: 100 | H14: Versement additionnel | I14: =IF(C14="","",IFERROR(IF(COUNTIF('Factures'!$A$5:$A$504,C14)=0,"Facture introuvable","OK"),"Facture introuvable"))
D15: =IF(C15="","",IFERROR(VLOOKUP(C15,'Factures'!$A$5:$C$504,3,FALSE),"")) | I15: =IF(C15="","",IFERROR(IF(COUNTIF('Factures'!$A$5:$A$504,C15)=0,"Facture introuvable","OK"),"Facture introuvable"))
D16: =IF(C16="","",IFERROR(VLOOKUP(C16,'Factures'!$A$5:$C$504,3,FALSE),"")) | I16: =IF(C16="","",IFERROR(IF(COUNTIF('Factures'!$A$5:$A$504,C16)=0,"Facture introuvable","OK"),"Facture introuvable"))
D17: =IF(C17="","",IFERROR(VLOOKUP(C17,'Factures'!$A$5:$C$504,3,FALSE),"")) | I17: =IF(C17="","",IFERROR(IF(COUNTIF('Factures'!$A$5:$A$504,C17)=0,"Facture introuvable","OK"),"Facture introuvable"))
D18: =IF(C18="","",IFERROR(VLOOKUP(C18,'Factures'!$A$5:$C$504,3,FALSE),"")) | I18: =IF(C18="","",IFERROR(IF(COUNTIF('Factures'!$A$5:$A$504,C18)=0,"Facture introuvable","OK"),"Facture introuvable"))
D19: =IF(C19="","",IFERROR(VLOOKUP(C19,'Factures'!$A$5:$C$504,3,FALSE),"")) | I19: =IF(C19="","",IFERROR(IF(COUNTIF('Factures'!$A$5:$A$504,C19)=0,"Facture introuvable","OK"),"Facture introuvable"))
D20: =IF(C20="","",IFERROR(VLOOKUP(C20,'Factures'!$A$5:$C$504,3,FALSE),"")) | I20: =IF(C20="","",IFERROR(IF(COUNTIF('Factures'!$A$5:$A$504,C20)=0,"Facture introuvable","OK"),"Facture introuvable"))
D21: =IF(C21="","",IFERROR(VLOOKUP(C21,'Factures'!$A$5:$C$504,3,FALSE),"")) | I21: =IF(C21="","",IFERROR(IF(COUNTIF('Factures'!$A$5:$A$504,C21)=0,"Facture introuvable","OK"),"Facture introuvable"))
D22: =IF(C22="","",IFERROR(VLOOKUP(C22,'Factures'!$A$5:$C$504,3,FALSE),"")) | I22: =IF(C22="","",IFERROR(IF(COUNTIF('Factures'!$A$5:$A$504,C22)=0,"Facture introuvable","OK"),"Facture introuvable"))
D23: =IF(C23="","",IFERROR(VLOOKUP(C23,'Factures'!$A$5:$C$504,3,FALSE),"")) | I23: =IF(C23="","",IFERROR(IF(COUNTIF('Factures'!$A$5:$A$504,C23)=0,"Facture introuvable","OK"),"Facture introuvable"))
D24: =IF(C24="","",IFERROR(VLOOKUP(C24,'Factures'!$A$5:$C$504,3,FALSE),"")) | I24: =IF(C24="","",IFERROR(IF(COUNTIF('Factures'!$A$5:$A$504,C24)=0,"Facture introuvable","OK"),"Facture introuvable"))
D25: =IF(C25="","",IFERROR(VLOOKUP(C25,'Factures'!$A$5:$C$504,3,FALSE),"")) | I25: =IF(C25="","",IFERROR(IF(COUNTIF('Factures'!$A$5:$A$504,C25)=0,"Facture introuvable","OK"),"Facture introuvable"))
D26: =IF(C26="","",IFERROR(VLOOKUP(C26,'Factures'!$A$5:$C$504,3,FALSE),"")) | I26: =IF(C26="","",IFERROR(IF(COUNTIF('Factures'!$A$5:$A$504,C26)=0,"Facture introuvable","OK"),"Facture introuvable"))
... D504: =IF(C504="","",IFERROR(VLOOKUP(C504,'Factures'!$A$5:$C$504,3,FALSE),"")) | I504: =IF(C504="","",IFERROR(IF(COUNTIF('Factures'!$A$5:$A$504,C504)=0,"Facture introuvable","OK"),"Facture introuvable"))

Sheet Paramètres
A1: Informations de l’entreprise
D2: Modes de paiement | F2: Statuts de paiement | H2: Catégories de facturation | J2: Province ou territoire
A3: Nom de l’entreprise | B3: Services Nordik inc. | D3: Virement bancaire | F3: Payée | H3: Services professionnels | J3: Québec
A4: Nom commercial | B4: Services Nordik inc. | D4: Carte de crédit | F4: Partiellement payée | H4: Consultation | J4: Ontario
A5: Adresse | B5: 1250, rue Saint-Paul Ouest, Montréal (Québec) H3C 1H9 | D5: Chèque | F5: À venir | H5: Vente de produits | J5: Nouveau-Brunswick
A6: Téléphone | B6: 514 555-0187 | D6: Comptant | F6: Échue | H6: Entretien | J6: Colombie-Britannique
A7: Courriel | B7: comptabilite@servicesnordik.ca | D7: Dépôt direct | F7: En retard | H7: Formation | J7: Autre
A8: Numéro TPS | B8: 12345 6789 RT0001 | D8: Autre | F8: Annulée | H8: Autre
A9: Numéro TVQ | B9: 1234567890 TQ0001
A11: Paramètres de facturation
A13: Taux TPS | B13: 0.05
A14: Taux TVQ | B14: 0.09975
A15: Délai de paiement par défaut (jours) | B15: 30
A16: Seuil d’alerte avant échéance (jours) | B16: 7
A17: Année de suivi | B17: 2026
A19: Vérifiez les taux de taxes applicables à votre entreprise et à vos fournitures. Les taux peuvent être modifiés au besoin.
